 Dungeon Crawl Stone Soup version 0.30.0-29-ga12c61a403 (webtiles) character file.

Game seed: 9331284155463489152

144 javelincjr the Ducker (level 5, 0/37 HPs)
             Began as a Djinni Hedge Wizard on June 8, 2023.
             Slain by a gnoll bouda
             ... wielding a +0 whip
              (9 damage)
             ... on level 3 of the Dungeon.
             The game lasted 00:09:00 (2639 turns).

javelincjr the Ducker (Djinni Hedge Wizard)         Turns: 2639, Time: 00:09:01

Health: 0/37       AC:  6    Str:  9    XL:     5   Next: 52%
Gold:   104        EV: 13    Int: 18    God:
                   SH:  0    Dex: 12

rFire   + + .        a - +0 dagger
rCold   x . .        (no shield)
rNeg    . . .        b - +0 robe
rPois   ∞            c - +0 hat
rElec   .            (no cloak)
rCorr   .            (no gloves)
SInv    +            (boots unavailable)
Will    .....        (no amulet)
Stlth   ++           l - ring of see invisible
HPRegen 0.26/turn    m - +4 ring of protection
MPRegen 0.00/turn

%: infuse magic (-1 HP)
@: flying
A: sickness immunity, fire resistance 2, cold vulnerability 1, float, innate
caster, HP casting, extra vitality 1
a: no special abilities


You were on level 3 of the Dungeon.
You visited 1 branch of the dungeon, and saw 3 of its levels.

You collected 104 gold pieces.

Inventory:

Hand Weapons
 a - a +0 dagger (weapon)
Armour
 b - a +0 robe (worn)
 c - a +0 hat (worn)
 e - a +0 chain mail of cold resistance
Jewellery
 l - a ring of see invisible (left hand)
 m - a +4 ring of protection (right hand)
Wands
 j - a wand of iceblast (3)
Scrolls
 d - 3 scrolls of identify {unknown}
 f - 3 scrolls of teleportation {unknown}
 h - a scroll of poison {unknown}
 k - a scroll of fog {unknown}
 p - a scroll of blinking {unknown}
Potions
 g - a potion of lignification {unknown}
 i - 2 potions of curing {unknown}
 n - a potion of berserk rage {unknown}
 o - a potion of magic {unknown}
 q - 2 potions of flight {unknown}


   Skills:
 * Level 1.1 Fighting
 + Level 0.5 Armour
 + Level 3.6 Dodging
 - Level 2.7 Stealth
 * Level 3.2 Spellcasting


You knew the following spells:

 Your Spells              Type           Power      Damage    Failure   Level
a - Magic Dart            Conj           56%        1d5       4%          1
b - Slow                  Hex            56%        N/A       4%          1
c - Blink                 Tloc           28%        N/A       6%          2
d - Call Imp              Summ           28%        N/A       6%          2
e - Mephitic Cloud        Conj/Pois/Air  14%        N/A       13%         3
f - Sandblast             Erth           28%        2d8       4%          1
g - Poisonous Vapours     Pois/Air       28%        N/A       6%          2
Your spell library was empty.

Dungeon Overview and Level Annotations

Branches:
Dungeon (3/15)

Altars:

Shops:
D:2 [


Innate Abilities, Weirdness & Mutations

You are immune to sickness and miasma.
You are immune to poison.
Your flesh is very heat resistant. (rF++)
You are vulnerable to cold. (rC-)
You float through the air rather than walking.
You learn spells naturally, not from books.
Your magical power is your life essence.
You have superior vitality. (+4 MHP)


Message History

Aim: a gnoll bouda, wielding a +0 whip and wearing a +0 leather armour (severely wounded, 84% to hit)
The blast of sand hits the gnoll bouda but does no damage.
The gnoll bouda is severely wounded.
Casting: Sandblast (safe; 4% risk of failure)
Confirm with . or Enter, or press ? or * to list all spells.
Aiming: Sandblast (safe; 4% risk of failure)
Press: ? - help, Shift-Dir - straight line, f/p - gnoll bouda
Aim: a gnoll bouda, wielding a +0 whip and wearing a +0 leather armour (severely wounded, 84% to hit)
The blast of sand hits the gnoll bouda but does no damage.
The gnoll bouda is severely wounded.
The gnoll bouda barely misses you.
Casting: Sandblast (safe; 4% risk of failure)
Confirm with . or Enter, or press ? or * to list all spells.
Aiming: Sandblast (safe; 4% risk of failure)
Press: ? - help, Shift-Dir - straight line, f/p - gnoll bouda
Aim: a gnoll bouda, wielding a +0 whip and wearing a +0 leather armour (severely wounded, 84% to hit)
The blast of sand misses the gnoll bouda.
* * * LOW HITPOINT WARNING * * *
The gnoll bouda hits you with a +0 whip.
* * * LOW HITPOINT WARNING * * *
The gnoll bouda barely misses you.
Casting: Sandblast (safe; 4% risk of failure)
Confirm with . or Enter, or press ? or * to list all spells.
Aiming: Sandblast (safe; 4% risk of failure)
Press: ? - help, Shift-Dir - straight line, f/p - gnoll bouda
Aim: a gnoll bouda, wielding a +0 whip and wearing a +0 leather armour (severely wounded, 84% to hit)
The blast of sand hits the gnoll bouda but does no damage.
The gnoll bouda is severely wounded.
* * * LOW HITPOINT WARNING * * *
The gnoll bouda barely misses you.
Casting: Sandblast (safe; 4% risk of failure)
Confirm with . or Enter, or press ? or * to list all spells.
Aiming: Sandblast (safe; 4% risk of failure)
Press: ? - help, Shift-Dir - straight line, f/p - gnoll bouda
Aim: a gnoll bouda, wielding a +0 whip and wearing a +0 leather armour (severely wounded, 84% to hit)
The blast of sand hits the gnoll bouda.
The gnoll bouda is almost dead.
* * * LOW HITPOINT WARNING * * *
The gnoll bouda hits you with a +0 whip!
You die...

.#......)...<.##.........#
.........# #.########..##
.#.###.#g# #.# #..###
#.#.# #.# #..... #...# #.#
##.### #..## #)#########.#
#>.# #.).........#
#.)#####.###########
...###..)g@...#
..............#
.######.####### #.. ####


You could see a gnoll bouda.

Vanquished Creatures
  3 gnolls (D:3)
  5 adders (D:2)
  2 worms (D:2)
  An orc (D:3)
  5 endoplasms (D:2)
  4 giant cockroaches
  7 goblins
  3 hobgoblins
  2 jackals (D:1)
  A quokka (D:1)
  2 ball pythons
  2 bats
  A frilled lizard (D:1)
  3 kobolds
  A rat (D:1)
42 creatures vanquished.

Vanquished Creatures (collateral kills)
  2 gnolls (D:3)
  An endoplasm (D:2)
3 creatures vanquished.

Grand Total: 45 creatures vanquished

Notes
Turn   | Place    | Note
-------+----------+-------------------------------------------
     0 | D:1      | javelincjr the Djinni Hedge Wizard began the quest for the
                  | Orb.
     0 | D:1      | javelincjr set off with the following spells memorised:
                  | Magic Dart, Slow, Blink, Call Imp, Mephitic Cloud.
     0 | D:1      | Reached XP level 1. HP: 15/15 MP: 0/0
   167 | D:1      | Reached XP level 2. HP: 5/21 MP: 0/0
   283 | D:1      | Found a faded altar of an unknown god.
   978 | D:2      | Reached XP level 3. HP: 19/25 MP: 0/0
   978 | D:2      | Learned a level 1 spell: Sandblast
  1118 | D:2      | Reached XP level 4. HP: 28/31 MP: 0/0
  1215 | D:2      | Found Bedy's Armour Boutique.
  2456 | D:3      | Reached XP level 5. HP: 33/35 MP: 0/0
  2456 | D:3      | Learned a level 2 spell: Poisonous Vapours
  2634 | D:3      | Reached skill level 1 in Fighting
  2639 | D:3      | Slain by a gnoll bouda

Illustrated notes

Levels and vault maps discovered:
D:1:      lightli_arrival_isolated_outpost, layout_basic, basic_ecumenical_altar
D:2:      mumra_celtic_spiral_tile, layout_loops_ring, serial_shops,
          nicolae_shop_just_a_little_nook, chequers_serial_rivers_marsh,
          minmay_octomino_j4
D:3:      layout_loops_ring, nicolae_hepliaklqana_hippocampus,
          mainiacjoe_overflow_six_doors_small

Skill      XL: |  1  2  3  4  5 |
---------------+----------------+-----
Stealth        | 2 |  2.7
Dodging        | 3 |  3.6
Spellcasting   | 3 |  3.2
Fighting       | 1 |  1.1
Armour         | |  0.5

Action                     |  1- 3 |  4- 6 || total
---------------------------+-------+-------++-------
  Melee: Dagger            |    10 |    13 ||    23
         Punch             |     1 |       ||     1
   Cast: Magic Dart        |    54 |    40 ||    94
         Sandblast         |     3 |    13 ||    16
         Call Imp          |       |     5 ||     5
         Poisonous Vapours |       |     6 ||     6
         Mephitic Cloud    |       |     2 ||     2
   Stab: Sleeping          |       |     1 ||     1
         Confused          |       |     1 ||     1
 Armour: Robe              |     1 |     4 ||     5
  Dodge: Dodged            |    17 |    12 ||    29
